 Dungeon Crawl Stone Soup version 0.31-a0-1097-ga03ddba (webtiles) character file.

Game seed: 6765947319183832248

1971609 DevouringOne the Phalangite (level 24, 284/284 HPs)
             Began as a Merfolk Fighter on Nov 29, 2023.
             Was an Initiate of Gozag.
             Escaped with the Orb
             ... and 3 runes!
             The game lasted 01:17:25 (45504 turns).

DevouringOne the Phalangite (Merfolk Fighter)      Turns: 45504, Time: 01:17:26

Health: 284/284    AC: 41    Str: 29    XL:     24   Next: 43%
Magic:  23/23      EV: 24    Int:  7    God:    Gozag
Gold:   1666       SH: 24    Dex: 16    Spells: 23/23 levels left

rFire   + . .        Z - +9 demon trident (vamp)
rCold   + . .        z - +5 kite shield {reflect}
rNeg    + . .        c - melded +6 chain mail {rPois}
rPois   ∞            t - +2 helmet
rElec   +            L - scarf "Eduv" {+Inv, rElec Regen+ Str+4}
rCorr   .            U - melded +2 pair of gloves
SInv    .            N - melded +1 pair of boots {Fly}
Will    ++...        a - amulet of reflection
Stlth   +            C - ring of protection from fire
HPRegen 1.47/turn    B - ring of protection from cold
MPRegen 0.18/turn

%: reflection, clarity
@: statue-form, studying 4 skills, very slow
A: slow and powerful, torment resistance 1, boosted hp, (nimble swimmer 2),
mertail, (iridescent scales 1), clarity, strong-willed 1, inability to drink
after injury 1, MP-powered wands, sturdy frame 1
0: Orb of Zot
}: 3/15 runes: decaying, serpentine, silver
a: Begin Untransformation, Renounce Religion, Evoke Invisibility, Potion
Petition, Call Merchant, Bribe Branch


You escaped.
You worshipped Gozag.
Gozag was most pleased with you.
You were a living statue of rough stone.
You visited 9 branches of the dungeon, and saw 47 of its levels.
You visited the Abyss 2 times.
You visited 1 bazaar.
You also visited: Ice Cave.

You collected 23248 gold pieces.
You spent 5078 gold pieces at shops.
You paid 16504 gold pieces to Gozag.

Inventory:

Hand Weapons
 K - the +10 bardiche of the Seer {antimagic, rF+}
   (You bought it in a shop on level 9 of the Dungeon)

   rF+:       It protects you from fire.
 Z - a +9 vampiric demon trident (weapon)
Missiles
 f - 9 curare-tipped darts
 u - 3 throwing nets
Armour
 c - a +6 chain mail of poison resistance (melded)
 t - a +2 helmet (worn)
 z - a +5 kite shield of reflection (worn)
 L - the scarf "Eduv" (worn) {+Inv, rElec Regen+ Str+4}
   (You bought it in a shop on level 1 of the Orcish Mines)

   Str+4:     It affects your strength (+4).
   rElec:     It insulates you from electricity.
   Regen+:    It increases your rate of health regeneration.
 N - a +1 pair of boots of flying (melded)
 U - a +2 pair of gloves (melded)
 W - a scarf of resistance
Jewellery
 a - an amulet of reflection (around neck)
 k - a ring of flight
 o - the ring "Oremos" {rN++ rCorr Int+7 Dex-3}
   (You took it off a vault warden on level 2 of the Vaults)

   [ring of resist corrosion]

   Int+7:     It affects your intelligence (+7).
   Dex-3:     It affects your dexterity (-3).
   rN++:      It greatly protects you from negative energy.
   rCorr:     It protects you from acid and corrosion.
 v - a ring of willpower
 B - a ring of protection from cold (right fist)
 C - a ring of protection from fire (left fist)
 M - the ring of Ruevym {rElec Str+5 SInv}
   (You found it on level 5 of the Realm of Zot)

   [ring of see invisible]

   Str+5:     It affects your strength (+5).
   rElec:     It insulates you from electricity.
   SInv:      It lets you see invisible.
Talismans
 T - a granite talisman (active)
Wands
 h - a wand of iceblast (28)
 D - a wand of digging (20)
 H - a wand of polymorph (19)
 O - a wand of charming (22)
 X - a wand of flame (3)
Scrolls
 b - 7 scrolls of poison
 j - 8 scrolls of teleportation
 p - 2 scrolls of fear
 s - 4 scrolls of blinking
 x - a scroll of enchant armour
 y - 3 scrolls of torment
 F - 2 scrolls of silence
 G - 4 scrolls of amnesia
 I - 4 scrolls of fog
 J - 5 scrolls of immolation
 R - 6 scrolls of vulnerability
 V - 2 scrolls of summoning
Potions
 d - 14 potions of might
 e - 7 potions of magic
 i - 12 potions of curing
 l - 4 potions of heal wounds
 m - a potion of invisibility
 n - 3 potions of haste
 q - 5 potions of enlightenment
 r - a potion of cancellation
 w - 7 potions of mutation
 A - 7 potions of attraction
 E - 2 potions of berserk rage
 P - a potion of resistance
 Q - 3 potions of lignification
 S - 3 potions of ambrosia
Miscellaneous
 g - a lightning rod (4/4)
 Y - a phantom mirror


   Skills:
 + Level 24.9 Fighting
 - Level 26.4 Polearms
 - Level 2.1 Armour
 - Level 21.0 Dodging
 - Level 15.0 Shields
 - Level 25.0 Shapeshifting


You had 23 spell levels left.
You didn't know any spells.
Your spell library contained the following spells:

 Spells                   Type           Power      Damage    Failure   Level
 Apportation              Tloc           0%         N/A       54%         1
 Freeze                   Ice            0%         1d3       54%         1
 Magic Dart               Conj           0%         1d3       54%         1
 Necrotise                Necr           0%         1d4       54%         1
 Sandblast                Erth           0%         2d4       54%         1
 Shock                    Conj/Air       0%         1d3       54%         1
 Slow                     Hex            0%         N/A       54%         1
 Summon Small Mammal      Summ           0%         N/A       54%         1
 Blink                    Tloc           0%         N/A       67%         2
 Cigotuvi's Dreadful Rot  Necr/Pois/Air  0%         N/A       67%         2
 Ensorcelled Hibernation  Hex/Ice        0%         N/A       67%         2
 Jinxbite                 Hex            0%         N/A       67%         2
 Passwall                 Tmut/Erth      0%         N/A       67%         2
 Searing Ray              Conj           0%         2d4       67%         2
 Wereblood                Tmut           0%         N/A       67%         2
 Call Canine Familiar     Summ           0%         N/A       88%         3
 Confusing Touch          Hex            0%         N/A       88%         3
 Frozen Ramparts          Ice            0%         1d1       88%         3
 Gell's Gravitas          Tloc           0%         N/A       88%         3
 Hailstorm                Conj/Ice       0%         3d3       88%         3
 Ignite Poison            Fire/Tmut/Pois 0%         N/A       88%         3
 Inner Flame              Hex/Fire       0%         N/A       88%         3
 Sigil of Binding         Hex            0%         N/A       88%         3
 Summon Guardian Golem    Hex/Summ       0%         N/A       88%         3
 Swiftness                Air            0%         N/A       88%         3
 Teleport Other           Tloc           0%         N/A       88%         3
 Tukima's Dance           Hex            0%         N/A       88%         3
 Vampiric Draining        Necr           0%         2d6       88%         3
 Airstrike                Air            0%         2d(0-16)  99%         4
 Brom's Barrelling Bould  Conj/Erth      0%         2d3       99%         4
 Dispel Undead            Necr           0%         3d6       99%         4
 Fulminant Prism          Conj/Hex       0%         3d5       99%         4
 Manifold Assault         Tloc           0%         N/A       99%         4
 Passage of Golubria      Tloc           0%         N/A       99%         4
 Summon Ice Beast         Ice/Summ       0%         N/A       99%         4
 Vhi's Electric Charge    Tloc/Air       0%         N/A       99%         4
 Agony                    Necr           0%         N/A       100%        5
 Alistair's Intoxication  Tmut/Pois      0%         N/A       100%        5
 Arcjolt                  Conj/Air       0%         1d10      100%        5
 Borgnjor's Vile Clutch   Necr/Erth      0%         N/A       100%        5
 Freezing Cloud           Conj/Ice/Air   0%         6-21      100%        5
 Silence                  Hex/Air        0%         N/A       100%        5
 Summon Forest            Summ/Tloc      0%         N/A       100%        5
 Summon Mana Viper        Hex/Summ       0%         N/A       100%        5
 Yara's Violent Unravell  Hex/Tmut       0%         3d3       100%        5
 Conjure Ball Lightning   Conj/Air       0%         3x3d6     100%        6
 Death Channel            Necr           0%         N/A       100%        6
 Dispersal                Tloc           0%         N/A       100%        6
 Eringya's Noxious Bog    Tmut/Pois      0%         4d6       100%        6
 Enfeeble                 Hex            0%         N/A       100%        7
 Monstrous Menagerie      Summ           0%         N/A       100%        7
 Orb of Destruction       Conj           0%         9d5       100%        7
 Ozocubu's Refrigeration  Ice            0%         4d7       100%        7
 Spellforged Servitor     Conj/Summ      0%         N/A       100%        7
 Summon Hydra             Summ           0%         N/A       100%        7
 Infestation              Necr           0%         N/A       100%        8
 Lehudib's Crystal Spear  Conj/Erth      0%         10d2      100%        8
 Maxwell's Capacitive Co  Air            0%         ∞         100%        8
 Chain Lightning          Conj/Air       0%         N/A       100%        9
 Fire Storm               Conj/Fire      0%         5d1       100%        9
 Polar Vortex             Ice            0%         N/A       100%        9
 Shatter                  Erth           0%         3d5*      100%        9
 Sublimation of Blood     Necr           Unusable   N/A       N/A         2
 Animate Dead             Necr           Unusable   N/A       N/A         4
 Simulacrum               Ice/Necr       Unusable   N/A       N/A         6

Dungeon Overview and Level Annotations

Branches:
Dungeon (15/15)            Temple (0/1) D:6            Lair (5/5) D:11
  Swamp (4/4) Lair:2        Snake (4/4) Lair:2        Slime (0/5) Lair:5
    Orc (2/2) D:9             Elf (3/3) Orc:2        Vaults (5/5) D:13
  Crypt (0/3) Vaults:2     Depths (4/4) D:15            Zot (5/5) Depths:4
  IceCv (visited)

Altars:
Ashenzari
Elyvilon
Gozag
Kikubaaqudgha
Makhleb
Nemelex Xobeh
Okawaru
Qazlal
Ru
Trog
Uskayaw
Xom
Yredelemnul
Zin
Lugonu

Shops:
D:4 !   D:6 *:   D:9 (   Orc:1 [   Orc:2 ?([(   Elf:3 (   Lair:1 [*   Lair:5 =[
Snake:1 *   Snake:2 *   Vaults:1 *[?   Vaults:5 :?

Portals:
Hell: Depths:3 Depths:4
Abyss: Depths:3 Depths:4
Pandemonium: Depths:4
Trove: Vaults:1 (give +4 shadow dragon scales)

Annotations:
D:6 2 transporters
D:14 3 runed translucent doors, Cantid's ghost, journeyman SpHu
Depths:2 1 transporter, Grunn


Innate Abilities, Weirdness & Mutations

You are a living statue of rough stone.
Your actions are slow, but your melee attacks are powerful.
You are resistant to unholy torment.
Your maximum health is greatly increased.
Your equipment is partially melded.
You are immune to poison.
((You are very nimble when in or above water. (Stealth+, EV+, Speed+++)))
Your lower body shifts to a powerful aquatic tail in water.
((You are partially covered in iridescent scales. (AC +2)))
You possess an exceptional clarity of mind.
You are strong-willed. (Will+)
You occasionally lose the ability to drink potions when taking damage.
You expend magic power (3 MP) to strengthen your wands.
Your movements are slightly less encumbered by armour. (ER -2)


Message History

There is an entrance to Zuac's Distillery here.
There is a stone staircase leading up here.
You climb upwards.
There is a stone staircase leading down here.
There is a stone staircase leading up here.
You climb upwards.
HP restored.
There is a stone staircase leading down here.
There is a stone staircase leading up here.
You climb upwards.
There is a stone staircase leading down here.
As you read the scroll of teleportation, it crumbles to dust.
You feel strangely unstable.
You feel the Orb delaying your translocation!
You start waiting.
Your surroundings seem slightly different.
As you read the scroll of teleportation, it crumbles to dust.
You feel strangely unstable.
You feel the Orb delaying your translocation!
You start waiting.
Your surroundings suddenly seem different.
A blizzard demon comes into view.
You stick the blizzard demon like a pincushion!!!
You kill the blizzard demon!
No target in view!
No target in view!
As you read the scroll of teleportation, it crumbles to dust.
You feel strangely unstable.
You feel the Orb delaying your translocation!
You start waiting.
A Beis, a rust devil, a smoke demon and a green death come into view.
The rust devil screeches!
The green death roars!
Beis hits you but does no damage. x2
Beis attacks as it pursues you! Beis completely misses you. Beis hits you.
Your surroundings suddenly seem different.
No target in view!
No target in view!
HP restored.
There is a staircase leading out of the dungeon here.
You can't go down here!
You have escaped!

##...##
##....##
#.#..#.#
###..###
###...#
#.....#
##....#
##.#..##
#8.#.#>#
########


There were no monsters in sight!

Vanquished Creatures
  2 orbs of fire (Zot:5)
  2 dread liches (Zot:3)
  3 ancient liches
  Mara (D:15)
  Boris (Vaults:3)
  A Killer Klown (Zot:5)
  Bai Suzhen (Vaults:3)
  A curse toe (Zot:5)
  Nikola (Snake:1)
  7 golden dragons
  A profane servitor (D:14)
  the Enchantress (Depths:3)
  2 bone dragons
  2 electric golems (Zot:5)
  11 tentacled monstrosities
  3 Ice Fiends
  2 hellephants
  Jorgrun (Orc:1)
  19 Orb Guardians (Zot:5)
  4 titans (Vaults:5)
  5 liches
  4 deep elf blademasters (Elf:3)
  2 deep elf master archers (Elf:3)
  2 Executioners
  6 sphinxes
  3 quicksilver dragons
  2 tentacled starspawn (Abyss:2)
  3 death cobs
  A thorn hunter (Swamp:3)
  5 storm dragons
  4 shadow dragons
  Roxanne (Swamp:1)
  4 tengu reavers
  2 draconian monks
  A draconian knight (Zot:3)
  6 nagarajas
  3 deep elf sorcerers
  4 fire giants
  3 iron dragons (Vaults:5)
  2 draconian scorchers
  The ghost of Ighip the Earth Mage, an adept DEEE of Vehumet (Snake:2)
  A shard shrike simulacrum (Abyss:3)
  4 deep elf elementalists (Elf:3)
  2 draconian shifters (Zot:3)
  2 balrugs
  4 frost giants
  17 ironbound preservers
  3 ghost moths
  5 spriggan defenders
  8 vault wardens
  4 draconian annihilators
  An orc warlord (Orc:2)
  2 cacodemons
  2 formless jellyfish
  A war gargoyle (Vaults:4)
  7 ironbound thunderhulks
  4 very ugly things
  8 stone giants
  4 vampire knights
  3 deep elf demonologists
  2 eleionomae
  6 green draconians
  A lorocyproca (D:14)
  6 red draconians
  A bunyip (shapeshifter) (Vaults:5)
  6 yellow draconians
  A demonspawn black sun (D:14)
  5 black draconians
  5 deep elf annihilators (Elf:3)
  5 purple draconians
  3 bunyips
  4 white draconians
  Snorg (D:10)
  The ghost of Kafomm Beha the Marksspriggan, a journeyman SpHu of Dithmenos (Snake:3)
  7 deep elf death magi
  11 dire elephants
  3 fire dragons
  2 blizzard demons
  An entropy weaver (Vaults:1)
  9 ettins
  7 deep elf high priests
  2 vault guards (Vaults:5)
  12 yaktaur captains
  Fannar (Lair:3)
  A shambling mangrove (Swamp:4)
  25 hydras
  12 ironbound frosthearts
  6 anacondas
  9 ice dragons
  A salamander tyrant (Snake:4)
  2 great orbs of eyes
  3 spriggan air magi
  A spriggan skeleton (Abyss:2)
  2 peacekeepers (Vaults:4)
  5 alligators
  5 two-headed ogres
  5 boulder beetles
  2 catoblepae (Lair:4)
  A ghost crab (Swamp:3)
  4 centaur warriors
  7 dancing weapons
  6 ogre magi
  9 death yaks
  2 deep troll shamans (Depths:3)
  2 tengu warriors
  15 naga warriors
  2 thrashing horrors (Abyss:2)
  2 deep troll earth magi
  A demonic crawler (Abyss:3)
  A spriggan berserker (Depths:4)
  An orc high priest (Orc:2)
  6 hell knights
  7 sun demons
  3 shock serpents
  4 deep elf knights
  Nergalle (Lair:2)
  14 naga sharpshooters
  4 sixfirhies
  15 spriggans
  A wretched star (Abyss:3)
  Amaemon (Lair:2)
  A fire crab (shapeshifter) (D:10)
  A fire crab (Lair:5)
  A skeletal warrior (D:10)
  2 death drakes
  40 deep trolls
  2 salamander mystics (Snake:4)
  2 skysharks
  6 goliath frogs
  An orange crystal statue (IceCv)
  7 deep elf archers
  14 swamp dragons
  A bog body (Swamp:2)
  3 spriggan druids
  7 arcanists
  A flayed ghost (Vaults:2)
  13 ironbound convokers
  2 obsidian statues
  9 naga ritualists
  14 lindwurms
  13 deep elf pyromancers
  2 necromancers
  6 phantasmal warriors
  A harpy (shapeshifter) (D:13)
  3 orc knights
  7 deep elf zephyrmancers
  6 cyclopes
  4 salamanders
  11 mana vipers
  5 orc sorcerers
  31 ugly things
  3 will-o-the-wisps
  6 large abominations
  5 manticores
  12 moths of wrath
  13 elephants
  33 black mambas
  A guardian serpent (Snake:1)
  Maurice (D:8)
  8 vault sentinels
  A black mamba (shapeshifter) (Vaults:5)
  18 naga magi
  An eye of devastation (Abyss:2)
  6 orange demons
  3 molten gargoyles (Lair:5)
  2 gargoyles
  A hellion (Zot:5)
  10 cane toads
  2 unseen horrors
  A cane toad (shapeshifter) (Elf:1)
  4 smoke demons
  5 rime drakes (IceCv)
  24 yaktaurs
  A kobold demonologist (D:9)
  2 kobold blastminers (Orc:2)
  An efreet (D:10)
  11 komodo dragons
  A tormentor (Zot:5)
  2 tengu conjurers
  2 freezing wraiths
  8 trolls
  A red devil (D:15)
  A bloated husk (Swamp:1)
  3 ancient zymes
  11 polar bears
  A wolf spider simulacrum (D:15)
  11 tyrant leeches
  15 blink frogs
  A hornet (shapeshifter) (Elf:1)
  A snapping turtle (shapeshifter) (Vaults:3)
  14 hornets
  2 air elementals
  30 slime creatures
  A water elemental (D:15)
  Sigmund (D:6)
  3 shadows
  44 yaks
  3 vampires
  6 wyverns
  2 fire elementals
  5 basilisks
  4 chaos spawn
  2 wraiths
  4 steam dragons
  A redback (Vaults:1)
  4 vampire mosquitoes (D:13)
  15 starcursed masses
  A neqoxec (Zot:5)
  28 nagas
  7 small abominations
  12 swamp worms
  Menkaure (D:5)
  9 hell hounds
  11 water moccasins
  4 wargs
  37 orc warriors
  10 swamp drakes (Swamp:4)
  3 sky beasts
  2 black bears
  5 ice beasts
  A black bear (shapeshifter) (D:15)
  3 boggarts
  9 ogres
  11 wolves
  8 centaurs
  8 kobold brigands
  11 bullfrogs
  2 gnoll sergeants
  Blork the orc (D:6)
  An earth elemental (Elf:3)
  6 scorpions
  11 wights
  4 killer bees
  2 howler monkeys
  2 electric eels (D:15)
  6 lava snakes
  5 jellies (Lair:5)
  28 orc priests
  A gnoll bouda (D:4)
  3 iguanas
  An iron imp (Abyss:3)
  Natasha (D:2)
  48 orc wizards
  Terence (D:2)
  5 hell rats
  2 human simulacra (D:10)
  A river rat (shapeshifter) (Vaults:5)
  7 adders
  8 gnolls
  A white imp (D:5)
  2 ufetubi (Abyss:2)
  A worm (D:3)
  3 dart slugs (D:1)
  125 orcs
  4 endoplasms
  4 giant cockroaches
  5 goblins
  3 hobgoblins
  A hobgoblin (shapeshifter) (Vaults:5)
  2 jackals (D:1)
  3 quokkas
  5 ball pythons
  2 bats
  A frilled lizard (D:1)
  21 kobolds
  3 rats
  A starspawn tentacle (Abyss:2)
1606 creatures vanquished.

Vanquished Creatures (collateral kills)
  A titan (Vaults:5)
  A sphinx (Vaults:5)
  Donald (Snake:3)
  A vault warden (Vaults:5)
  A black draconian (Zot:5)
  A deep elf death mage (Vaults:5)
  7 vault guards (Vaults:5)
  A hell knight (Vaults:5)
  A sea snake (shapeshifter) (Vaults:5)
  A vault sentinel (Vaults:5)
  A rime drake (IceCv)
  A warg (D:9)
  An orc warrior (D:9)
  A killer bee (D:9)
  A hound (D:5)
  An iguana (D:4)
  A shadow imp (D:5)
  A white imp (D:5)
  4 orcs
  An endoplasm (D:4)
  2 hobgoblins (D:4)
  A ball python (D:4)
32 creatures vanquished.

Vanquished Creatures (others)
  4 dread liches
  An orb of fire (Zot:5)
  4 Killer Klowns (Zot:5)
  Margery (Vaults:5)
  An electric golem (Zot:5)
  2 liches
  7 Orb Guardians (Zot:5)
  A quicksilver dragon (Zot:5)
  A sphinx (Vaults:5)
  2 storm dragons (Zot:5)
  8 tengu reavers (Vaults:5)
  A shadow dragon (Vaults:5)
  2 draconian knights (Zot:5)
  A fire giant (Vaults:5)
  2 vault wardens (Vaults:5)
  A deep elf sorcerer (Vaults:5)
  A deep elf elementalist (Elf:3)
  A draconian shifter (Zot:5)
  2 draconian scorchers (Zot:5)
  A draconian stormcaller (Zot:5)
  A draconian annihilator (Zot:5)
  An ironbound preserver (Vaults:5)
  2 very ugly things (Vaults:5)
  2 deep elf demonologists (Vaults:5)
  A yellow draconian (Zot:5)
  4 black draconians (Zot:5)
  4 green draconians (Zot:5)
  5 red draconians (Zot:5)
  2 white draconians (Zot:5)
  An ettin (Vaults:5)
  A deep elf death mage (Vaults:5)
  3 entropy weavers (Vaults:5)
  3 yaktaur captains (Vaults:5)
  A deep elf high priest (Vaults:5)
  15 vault guards (Vaults:5)
  An ogre mage (Vaults:5)
  An anaconda (Snake:1)
  A spriggan (Swamp:4)
  A deep elf knight (Vaults:5)
  4 hell knights (Vaults:5)
  2 flayed ghosts (Vaults:5)
  2 phantasmal warriors (Vaults:5)
  A deep elf archer (Vaults:5)
  2 ironbound convokers (Vaults:5)
  2 necromancers (Vaults:5)
  A mana viper (shapeshifter) (Vaults:5)
  3 deep elf pyromancers
  A mana viper (Snake:1)
  An ugly thing (D:10)
  A worldbinder (Abyss:3)
  A black mamba (Snake:1)
  2 naga magi
  A vault sentinel (Vaults:5)
  3 yaktaurs (Vaults:5)
  A rime drake (IceCv)
  A hornet (Swamp:4)
  2 bloated husks
  A naga (Snake:1)
  A swamp worm (Swamp:2)
  A water moccasin (D:6)
  A boggart (Vaults:2)
  A killer bee (D:9)
  A starcursed mass (Abyss:3)
  An orc wizard (Orc:2)
  2 orcs
  A bat (shapeshifter) (Vaults:5)
  5 foxfires
  9 starspawn tentacles
149 creatures vanquished.

Grand Total: 1787 creatures vanquished

Notes
Turn   | Place    | Note
-------+----------+-------------------------------------------
     0 | D:1      | DevouringOne the Merfolk Fighter began the quest for the
                  | Orb.
     0 | D:1      | Reached XP level 1. HP: 18/18 MP: 1/1
   175 | D:1      | Reached skill level 3 in Polearms
   343 | D:1      | Reached XP level 2. HP: 19/24 MP: 2/2
   670 | D:1      | Reached skill level 4 in Polearms
   683 | D:1      | Reached XP level 3. HP: 29/30 MP: 3/3
  1122 | D:2      | Found a faded altar of an unknown god.
  1155 | D:2      | Prayed at the altar of an unknown god.
  1155 | D:2      | Became a worshipper of Gozag Ym Sagoz the Greedy
  1173 | D:2      | Noticed Terence
  1188 | D:2      | Killed Terence
  1289 | D:2      | Noticed Natasha
  1295 | D:2      | Killed Natasha
  1296 | D:2      | Reached skill level 5 in Polearms
  1296 | D:2      | Reached XP level 4. HP: 14/37 MP: 4/4
  1933 | D:3      | Noticed a centaur
  1946 | D:3      | Killed a centaur
  1947 | D:3      | Reached skill level 6 in Polearms
  1947 | D:3      | Reached XP level 5. HP: 13/43 MP: 5/5
  2146 | D:3      | Identified the +1 robe "Goro" {rPois Archmagi}
  2178 | D:3      | Gained mutation: You expend magic power (3 MP) to
                  | strengthen your wands. [potion of mutation]
  2178 | D:3      | Gained mutation: You have supernaturally acute eyesight.
                  | (SInv) [potion of mutation]
  2178 | D:3      | Gained mutation: Your spells are a little harder to cast,
                  | but a little more powerful. [potion of mutation]
  2724 | D:3      | Reached skill level 5 in Fighting
  2724 | D:3      | Reached XP level 6. HP: 41/47 MP: 6/6
  2758 | D:4      | Reached skill level 7 in Polearms
  2776 | D:4      | Found Zuac's Distillery.
  3012 | D:4      | Bought a potion of heal wounds for 60 gold pieces
  3012 | D:4      | Bought a potion of invisibility for 96 gold pieces
  3012 | D:4      | Bought a potion of curing for 36 gold pieces
  3091 | D:4      | Found a shimmering altar of Xom.
  3284 | D:4      | Reached skill level 8 in Polearms
  3284 | D:4      | Reached XP level 7. HP: 37/56 MP: 7/7
  3711 | D:4      | Noticed a hornet
  3860 | D:5      | Entered Level 5 of the Dungeon
  3904 | D:5      | Found a hide-covered altar of Uskayaw.
  3917 | D:5      | Noticed Menkaure
  3946 | D:5      | Killed Menkaure
  3947 | D:5      | Reached skill level 9 in Polearms
  4353 | D:5      | Reached XP level 8. HP: 18/65 MP: 4/8
  4641 | D:5      | Reached skill level 10 in Polearms
  5246 | D:6      | Reached skill level 11 in Polearms
  5346 | D:6      | Found a transporter.
  5353 | D:6      | Found Idwieblu's Book Shop.
  5369 | D:6      | Noticed Sigmund
  5370 | D:6      | Noticed Blork the orc
  5410 | D:6      | Killed Blork the orc
  5414 | D:6      | Killed Sigmund
  5425 | D:6      | Reached skill level 12 in Polearms
  5425 | D:6      | Reached XP level 9. HP: 51/74 MP: 1/9
  5576 | D:6      | Found a transporter.
  5681 | D:6      | Found a staircase to the Ecumenical Temple.
  6008 | D:6      | Found Biufrutz's Serpentskin Sales.
  6030 | D:6      | Reached skill level 13 in Polearms
  6180 | D:6      | Bought a +0 scale mail of poison resistance for 112 gold
                  | pieces
  6191 | D:6      | Bought a scroll of poison for 56 gold pieces
  6191 | D:6      | Bought a scroll of poison for 56 gold pieces
  6191 | D:6      | Bought a scroll of poison for 56 gold pieces
  6778 | D:7      | Reached skill level 14 in Polearms
  6909 | D:7      | Found a burning altar of Makhleb.
  7193 | D:7      | Found a bloodstained altar of Trog.
  7278 | D:7      | Found an opulent altar of Gozag.
  7333 | D:8      | Reached XP level 10. HP: 83/83 MP: 10/10
  7399 | D:8      | Noticed Maurice
  7405 | D:8      | Killed Maurice
  7406 | D:8      | Reached skill level 15 in Polearms
  7727 | D:8      | Found a sacrificial altar of Ru.
  8071 | D:8      | Reached skill level 10 in Fighting
  8647 | D:9      | Reached skill level 16 in Polearms
  8777 | D:9      | Found a stormy altar of Qazlal.
  8918 | D:9      | Found a staircase to the Orcish Mines.
  9111 | D:9      | Found an iron altar of Okawaru.
  9181 | D:9      | Noticed a kobold demonologist
  9203 | D:9      | Killed a kobold demonologist
  9204 | D:9      | Reached skill level 17 in Polearms
  9204 | D:9      | Reached XP level 11. HP: 78/92 MP: 11/11
  9321 | D:9      | Noticed a two-headed ogre
  9323 | D:9      | Reached skill level 1 in Dodging
  9335 | D:9      | Killed a two-headed ogre
  9466 | D:9      | Found a glowing silver altar of Zin.
  9496 | D:9      | Reached skill level 5 in Dodging
  9635 | D:9      | Found Kisaeh's Weapon Shop.
  9643 | D:9      | Bought the +10 bardiche of the Seer {antimagic, rF+} for
                  | 1183 gold pieces
  9841 | D:10     | Entered Level 10 of the Dungeon
  9903 | D:10     | Found a broken altar of Ashenzari.
  9974 | D:10     | Noticed Snorg
  9988 | D:10     | Killed Snorg
 10265 | D:10     | Noticed a deep elf pyromancer
 10271 | D:10     | Killed a deep elf pyromancer
 10275 | D:10     | Noticed a skeletal warrior
 10512 | D:10     | Noticed a two-headed ogre
 10523 | D:10     | Killed a two-headed ogre
 10603 | D:10     | Noticed a cyclops
 10618 | D:10     | Killed a cyclops
 10985 | D:10     | Killed a skeletal warrior
 11006 | D:10     | Reached XP level 12. HP: 105/105 MP: 4/12
 11079 | D:10     | Noticed a tengu warrior
 11087 | D:10     | Killed a tengu warrior
 11088 | D:10     | Noticed a four-headed hydra
 11105 | D:10     | Killed a four-headed hydra
 11150 | D:10     | Reached skill level 10 in Dodging
 11251 | D:10     | Noticed an ogre mage
 11254 | D:10     | Killed an ogre mage
 11498 | D:10     | Found a white marble altar of Elyvilon.
 11549 | D:10     | Found a basalt altar of Yredelemnul.
 11617 | D:10     | Found a sparkling altar of Nemelex Xobeh.
 12092 | D:11     | Noticed a two-headed ogre
 12098 | D:11     | Killed a two-headed ogre
 12224 | D:11     | Found a staircase to the Lair.
 12381 | D:12     | Noticed a two-headed ogre
 12388 | D:12     | Killed a two-headed ogre
 13030 | D:12     | Reached skill level 15 in Fighting
 13175 | D:12     | Reached XP level 13. HP: 98/115 MP: 4/13
 13543 | Orc:1    | Entered Level 1 of the Orcish Mines
 13593 | Orc:1    | Noticed Jorgrun
 13602 | Orc:1    | Killed Jorgrun
 14016 | Orc:1    | Bought the scarf "Eduv" {+Inv, rElec Regen+ Str+4} for 421
                  | gold pieces
 14033 | Orc:2    | Entered Level 2 of the Orcish Mines
 14085 | Orc:1    | Paralysed by an orc sorcerer for 2 turns
 14133 | Orc:2    | Noticed an ettin
 14721 | Orc:2    | Found a staircase to the Elven Halls.
 14843 | Orc:2    | Found Puxteraq's Magic Scroll Shoppe.
 14848 | Orc:2    | Bought a scroll of revelation for 97 gold pieces
 14848 | Orc:2    | Bought a scroll of immolation for 52 gold pieces
 14848 | Orc:2    | Bought a scroll of immolation for 52 gold pieces
 14849 | Orc:2    | Bought a scroll of identify for 26 gold pieces
 14895 | Orc:2    | Noticed an orc warlord
 14921 | Orc:2    | Killed an orc warlord
 14979 | Orc:2    | Found Udiulig's Antique Weapon Emporium.
 14988 | Orc:2    | Found Lagel's Antique Armour Shoppe.
 15142 | Orc:2    | Found Wus Kute's Weapon Shop.
 15250 | Orc:2    | Killed an ettin
 15325 | Lair:1   | Entered Level 1 of the Lair of Beasts
 15533 | Lair:1   | Reached skill level 15 in Dodging
 15652 | Lair:1   | Bought a scroll of teleportation for 48 gold pieces
 16159 | Lair:2   | Found a staircase to the Swamp.
 16212 | Lair:2   | Noticed Amaemon
 16221 | Lair:2   | Killed Amaemon
 16222 | Lair:2   | Reached XP level 14. HP: 115/128 MP: 4/14
 16417 | Lair:2   | Noticed Nergalle
 16425 | Lair:2   | Killed Nergalle
 16452 | Lair:2   | Found a staircase to the Snake Pit.
 17272 | Lair:3   | Noticed Fannar
 17283 | Lair:3   | Killed Fannar
 18999 | Lair:5   | Entered Level 5 of the Lair of Beasts
 19340 | Lair:5   | Reached XP level 15. HP: 117/138 MP: 3/15
 19487 | Lair:5   | Found a staircase to the Slime Pits.
 20051 | Lair:5   | Found a large runed translucent door.
 20051 | Lair:5   | Found a large runed translucent door.
 20828 | D:13     | Found a gate to the Vaults.
 22076 | D:14     | Found a gateway to a bazaar.
 22085 | D:14     | Noticed Cantid's ghost (journeyman SpHu)
 22356 | D:14     | Found a runed translucent gate.
 22356 | D:14     | Found a runed translucent gate.
 22356 | D:14     | Found a runed translucent gate.
 22848 | D:15     | Entered Level 15 of the Dungeon
 22954 | D:14     | Reached XP level 16. HP: 107/145 MP: 5/16
 23529 | D:15     | Found a staircase to the Depths.
 23975 | Bazaar   | Entered a bazaar
 23984 | Bazaar   | Found Gecveu's Distillery.
 23995 | Bazaar   | Found Qerphiof's Antique Armour Shoppe.
 24003 | Bazaar   | Found Xedaehev's General Store.
 24025 | Bazaar   | Found Qaett's Jewellery Emporium.
 24033 | Bazaar   | Bought a granite talisman for 900 gold pieces
 24033 | Bazaar   | Found Naduis's Antique Weapon Emporium.
 24052 | Bazaar   | Bought a potion of heal wounds for 55 gold pieces
 24052 | Bazaar   | Bought a potion of heal wounds for 55 gold pieces
 24052 | Bazaar   | Bought a potion of might for 44 gold pieces
 24052 | Bazaar   | Bought a potion of might for 44 gold pieces
 24064 | Bazaar   | Bought a potion of heal wounds for 45 gold pieces
 24064 | Bazaar   | Bought a potion of haste for 90 gold pieces
 24064 | Bazaar   | Bought a scroll of revelation for 67 gold pieces
 24077 | Bazaar   | Bought a potion of curing for 33 gold pieces
 24077 | Bazaar   | Bought a potion of curing for 33 gold pieces
 24223 | Snake:1  | Entered Level 1 of the Snake Pit
 24289 | Snake:1  | Reached skill level 1 in Shapeshifting
 24555 | Snake:1  | Reached skill level 5 in Shapeshifting
 25429 | Snake:1  | Noticed Nikola
 25447 | Snake:1  | Killed Nikola
 25607 | Snake:1  | Found Measoshogg's General Store.
 26189 | Snake:2  | Reached skill level 10 in Shapeshifting
 26201 | Snake:2  | Noticed Ighip's ghost (adept DEEE)
 26284 | Snake:2  | Found a runed translucent gate.
 26284 | Snake:2  | Found a runed translucent gate.
 26284 | Snake:2  | Found a runed translucent gate.
 26325 | Snake:2  | Found Cityriev's Assorted Antiques.
 26334 | Snake:2  | Bought a scroll of teleportation for 75 gold pieces
 26334 | Snake:2  | Bought a slimy buckler for 237 gold pieces
 26334 | Snake:2  | Identified the +0 buckler of Daisies {rPois} (You bought it
                  | in a shop on level 2 of the Snake Pit)
 26405 | Snake:2  | Killed Ighip's ghost
 27361 | Snake:3  | Noticed Kafomm Beha's ghost (journeyman SpHu)
 27364 | Snake:3  | Found a runed translucent gate.
 27368 | Snake:3  | Noticed a nagaraja
 27405 | Snake:3  | Found a runed translucent gate.
 27405 | Snake:3  | Found a runed translucent gate.
 27459 | Snake:3  | Killed a nagaraja
 27468 | Snake:3  | Reached XP level 17. HP: 151/157 MP: 4/17
 27494 | Snake:3  | Killed Kafomm Beha's ghost
 27505 | Snake:3  | Identified the +6 chain mail of the Wheelwright {rC++
                  | Str+2}
 27536 | Snake:3  | Got the Tome of Lethal Conflict
 27726 | Snake:3  | Noticed Donald
 27743 | Snake:3  | Killed Donald
 28472 | Snake:4  | Entered Level 4 of the Snake Pit
 28621 | Snake:4  | Identified the +5 ring mail "Nuerod" {Harm Drain rF+ rCorr
                  | Dex+3}
 29113 | Snake:4  | Reached skill level 15 in Shapeshifting
 29500 | Snake:4  | Got a serpentine rune of Zot
 29873 | Swamp:1  | Entered Level 1 of the Swamp
 29887 | Swamp:1  | Reached skill level 5 in Shields
 30417 | Swamp:1  | Noticed Roxanne
 30444 | Swamp:1  | Killed Roxanne
 30537 | Swamp:2  | Found a frozen archway.
 30606 | IceCv    | Entered an ice cave
 30659 | IceCv    | Reached XP level 18. HP: 164/164 MP: 18/18
 31010 | IceCv    | Reached skill level 10 in Shields
 32490 | Swamp:4  | Entered Level 4 of the Swamp
 32630 | Swamp:4  | Reached skill level 18 in Polearms
 32834 | Swamp:4  | Got a decaying rune of Zot
 33385 | Elf:1    | Entered Level 1 of the Elven Halls
 33566 | Elf:1    | Reached XP level 19. HP: 170/170 MP: 19/19
 34044 | Elf:3    | Entered Level 3 of the Elven Halls
 34045 | Elf:3    | Found Taunt's Antique Weapon Shoppe.
 34055 | Elf:3    | Paralysed by an air elemental for 1 turns
 34178 | Elf:3    | Reached skill level 19 in Polearms
 34321 | Elf:3    | Identified the +0 scale mail "Fuga Etaeri" {Harm *Corrode
                  | Dex+6}
 34496 | Elf:3    | Identified the +1 chain mail of Piwisics {rN+}
 34576 | Elf:3    | Identified the +8 scimitar of the Scorpion {freeze, Str+2
                  | Dex+2}
 34619 | Elf:3    | Identified the +1 trident of Fate {heavy, rElec rC++ rCorr
                  | Int-4}
 34620 | Elf:3    | Identified the +8 arbalest "Noamaur" {penet, rC- rN+++
                  | Str-2 Dex+4}
 34625 | Elf:3    | Identified the +2 orcbow "Vopsog" {freeze, Fly rC+ Int+4
                  | Dex-3}
 34719 | Abyss:2  | Cast into level 2 of the Abyss (a deep elf demonologist)
 34722 | Abyss:2  | Found a corrupted altar of Lugonu.
 34740 | Abyss:2  | Found a corrupted altar of Lugonu.
 34902 | Abyss:2  | Found a corrupted altar of Lugonu.
 34908 | Abyss:2  | Found a corrupted altar of Lugonu.
 35066 | Elf:3    | Escaped the Abyss
 35072 | Elf:3    | Noticed a Tzitzimitl
 35074 | Elf:3    | Noticed a Brimstone Fiend
 35081 | Abyss:3  | Cast into level 3 of the Abyss (a deep elf demonologist)
 35134 | Abyss:3  | Noticed a bone dragon
 35145 | Abyss:3  | Killed a bone dragon
 35146 | Abyss:3  | Reached skill level 20 in Polearms
 35173 | Abyss:3  | Found a corrupted altar of Lugonu.
 35251 | Abyss:3  | Paralysed by accursed screaming for 1 turns
 35268 | Abyss:3  | Noticed a bone dragon
 35298 | Abyss:3  | Found a corrupted altar of Lugonu.
 35300 | Elf:3    | Escaped the Abyss
 35795 | Vaults:1 | Entered Level 1 of the Vaults
 35800 | Vaults:1 | Bought a scroll of teleportation for 54 gold pieces
 35800 | Vaults:1 | Bought a scroll of fog for 72 gold pieces
 35800 | Vaults:1 | Bought a scroll of summoning for 171 gold pieces
 35800 | Vaults:1 | Bought a scroll of teleportation for 54 gold pieces
 35800 | Vaults:1 | Bought a scroll of teleportation for 54 gold pieces
 35914 | Vaults:1 | Reached XP level 20. HP: 178/178 MP: 20/20
 35923 | Vaults:1 | Paralysed by a sphinx for 2 turns
 36184 | Vaults:1 | Found Fuid's General Store.
 36187 | Vaults:1 | Bought a scroll of enchant weapon for 142 gold pieces
 36187 | Vaults:1 | Bought a scroll of poison for 76 gold pieces
 36187 | Vaults:1 | Bought a scroll of revelation for 142 gold pieces
 36481 | Vaults:1 | Found a portal to a secret trove of treasure.
 36791 | Vaults:1 | Reached skill level 21 in Polearms
 36909 | Vaults:2 | Paralysed by a sphinx for 4 turns
 36971 | Vaults:2 | Paralysed by an ogre mage for 5 turns
 37017 | Vaults:2 | Found a staircase to the Crypt.
 37017 | Vaults:2 | Found a basalt altar of Yredelemnul.
 37018 | Vaults:2 | Found an ancient bone altar of Kikubaaqudgha.
 37931 | Vaults:2 | Identified the ring "Oremos" {rN++ rCorr Int+7 Dex-3}
 37933 | Vaults:2 | Identified the amulet "Ygane" {Acrobat Will+ Dex+3}
 37971 | Vaults:2 | Identified the ring "Wonn" {rN+ rCorr Int+4}
 37980 | Vaults:2 | Identified the +0 hat of Cueloab {Int+5}
 38379 | Vaults:3 | Noticed Bai Suzhen
 38386 | Vaults:3 | Killed Bai Suzhen
 38538 | Vaults:3 | Reached skill level 22 in Polearms
 38538 | Vaults:3 | Reached XP level 21. HP: 184/184 MP: 21/21
 38636 | Vaults:3 | Identified the +1 long sword of Instant Death {antimagic,
                  | Fragile rPois rCorr Int+3}
 38664 | Vaults:3 | Paralysed by a sphinx for 4 turns
 39117 | Vaults:3 | Noticed Boris
 39131 | Vaults:3 | Killed Boris
 39364 | Vaults:4 | Paralysed by a sphinx for 2 turns
 39901 | Vaults:4 | Reached skill level 23 in Polearms
 40302 | Vaults:5 | Entered Level 5 of the Vaults
 40333 | Vaults:5 | Noticed Margery
 40350 | Vaults:5 | Killed Margery
 40356 | Vaults:5 | Reached skill level 24 in Polearms
 40417 | Vaults:5 | Noticed a dread lich
 40500 | Vaults:5 | Noticed an ancient lich
 40514 | Vaults:5 | Killed an ancient lich
 40615 | Vaults:5 | Noticed a golden dragon
 40621 | Vaults:5 | Noticed a dread lich
 40623 | Vaults:5 | Killed a golden dragon
 40624 | Vaults:5 | Reached XP level 22. HP: 192/192 MP: 22/22
 40636 | Vaults:5 | Killed a dread lich
 40705 | Vaults:5 | Found Womi's Magic Scroll Shop.
 40726 | Vaults:5 | Identified the +3 morningstar "Reism" {freeze, *Rage Fly
                  | rElec SInv}
 40733 | Vaults:5 | Bought a scroll of blinking for 142 gold pieces
 40733 | Vaults:5 | Bought a scroll of enchant weapon for 142 gold pieces
 40755 | Vaults:5 | Reached skill level 25 in Polearms
 40790 | Vaults:5 | Noticed a golden dragon
 40799 | Vaults:5 | Killed a golden dragon
 40951 | Vaults:5 | Got Sif Muna's Enchiridion on Aerial Cleavage
 41004 | Vaults:5 | Found Cuesoeh's Book Shoppe.
 41165 | Vaults:5 | Identified the +6 mace "Nugg" {heavy, rPois rCorr Str-2
                  | SInv}
 41289 | Vaults:5 | Got a silver rune of Zot
 41290 | Vaults:5 | Identified the +6 war axe of Compassion {pain, rC+ Will+
                  | Dex+2}
 41298 | Vaults:5 | Identified the staff "Raisin" {Conj Earth}
 41313 | Vaults:5 | Identified the ring of Hepliaklqana, Gazing {rPois MP+9}
 41319 | Vaults:5 | Noticed a golden dragon
 41331 | Vaults:5 | Killed a golden dragon
 41341 | Vaults:5 | Reached skill level 26 in Polearms
 41392 | Vaults:5 | Noticed a golden dragon
 41397 | Vaults:5 | Killed a golden dragon
 41403 | Vaults:5 | Identified the +2 dagger "Luiciq" {freeze, rPois rN+ Int-3
                  | Dex+3 Stlth+}
 41661 | Vaults:5 | Identified the +7 lajatang of Defiance {flame, rElec Int+4}
 41779 | Vaults:5 | Got the Excursus on Unholy Bad Luck
 41882 | Vaults:5 | Identified the +4 scale mail "Vapn" {Str+4}
 41936 | Vaults:5 | Identified the +4 scale mail of Gehenna {rN+ Str+3 Int+3}
 42256 | Depths:1 | Entered Level 1 of the Depths
 42256 | Depths:1 | Noticed Mara
 42264 | D:15     | Noticed DevouringOne's illusion
 42434 | Depths:2 | Found a transporter.
 42438 | Depths:2 | Noticed Grunn
 42475 | Depths:3 | Noticed the Enchantress
 42484 | Depths:3 | Killed the Enchantress
 42569 | Depths:3 | Found a one-way gate to the infinite horrors of the Abyss.
 42596 | Depths:3 | Found a gateway to Hell.
 42623 | Depths:4 | Entered Level 4 of the Depths
 42689 | Depths:4 | Found a corrupted altar of Lugonu.
 42728 | Depths:4 | Paralysed by a vampire knight for 4 turns
 42906 | Depths:4 | Found a one-way gate leading to the halls of Pandemonium.
 43060 | Depths:4 | Found a gate to the Realm of Zot.
 43158 | Zot:1    | Entered Level 1 of the Realm of Zot
 43209 | Zot:1    | Reached XP level 23. HP: 200/200 MP: 21/23
 43398 | Zot:2    | Noticed a golden dragon
 43405 | Zot:2    | Killed a golden dragon
 43454 | Zot:3    | Noticed a golden dragon
 43456 | Zot:3    | Noticed an ancient lich
 43466 | Zot:3    | Killed an ancient lich
 43469 | Zot:3    | Killed a golden dragon
 43481 | Zot:3    | Noticed a dread lich
 43494 | Zot:3    | Killed a dread lich
 43527 | Zot:3    | Noticed a golden dragon
 43533 | Zot:3    | Noticed a dread lich
 43537 | Zot:3    | Killed a golden dragon
 43548 | Zot:3    | Killed a dread lich
 43698 | Zot:3    | Reached skill level 15 in Shields
 43807 | Zot:5    | Entered Level 5 of the Realm of Zot
 43977 | Zot:5    | Found a transporter.
 43983 | Zot:5    | Found a transporter.
 44073 | Zot:5    | Noticed a curse toe
 44183 | Zot:5    | Noticed a curse toe
 44199 | Zot:5    | Noticed a Killer Klown
 44237 | Zot:5    | Killed a curse toe
 44354 | Zot:5    | Noticed an orb of fire
 44367 | Zot:5    | Noticed a dread lich
 44367 | Zot:5    | Noticed a Killer Klown
 44369 | Zot:5    | Noticed an ancient lich
 44374 | Zot:5    | Noticed a Killer Klown
 44377 | Zot:5    | Noticed a dread lich
 44377 | Zot:5    | Killed an ancient lich
 44378 | Zot:5    | Noticed a Killer Klown
 44380 | Zot:5    | Paralysed by a dread lich for 4 turns
 44382 | Zot:5    | Killed a dread lich
 44384 | Zot:5    | Killed a Killer Klown
 44392 | Zot:5    | Killed a Killer Klown
 44400 | Zot:5    | Killed a dread lich
 44436 | Zot:5    | Killed a dread lich
 44463 | Zot:5    | Killed a Killer Klown
 44475 | Zot:5    | Identified the ring of Ruevym {rElec Str+5 SInv}
 44505 | Zot:5    | Noticed a Killer Klown
 44510 | Zot:5    | Noticed an orb of fire
 44512 | Zot:5    | Noticed an orb of fire
 44516 | Zot:5    | Noticed an orb of fire
 44528 | Zot:5    | Killed an orb of fire
 44610 | Zot:5    | Reached XP level 24. HP: 215/215 MP: 23/23
 44612 | Zot:5    | Killed a Killer Klown
 44633 | Zot:5    | Got the Orb of Zot
 44656 | Zot:5    | Lost mutation: Your spells are a little harder to cast, but
                  | a little more powerful. [an orb of fire]
 44659 | Zot:5    | Gained mutation: You are frail. (-10% HP) [an orb of fire]
 44661 | Zot:5    | Gained mutation: You are occasionally teleported next to
                  | monsters. [an orb of fire]
 44673 | Zot:5    | Killed an orb of fire
 44683 | Zot:5    | Gained mutation: Your body sometimes deteriorates upon
                  | taking damage. [an orb of fire]
 44684 | Zot:5    | Killed an orb of fire
 44763 | Zot:5    | Lost mutation: You expend magic power (3 MP) to strengthen
                  | your wands. [potion of mutation]
 44763 | Zot:5    | Lost mutation: You are occasionally teleported next to
                  | monsters. [potion of mutation]
 44763 | Zot:5    | Gained mutation: You are resistant to electric shocks.
                  | (rElec) [potion of mutation]
 44838 | Zot:5    | Gained mutation: You occasionally lose the ability to drink
                  | potions when taking damage. [an orb of fire]
 44838 | Zot:5    | Noticed an ancient lich
 44928 | Zot:2    | Lost mutation: You are resistant to electric shocks.
                  | (rElec) [potion of mutation]
 44928 | Zot:2    | Lost mutation: Your body sometimes deteriorates upon taking
                  | damage. [potion of mutation]
 44928 | Zot:2    | Lost mutation: You are frail. (-10% HP) [potion of
                  | mutation]
 44928 | Zot:2    | Gained mutation: You are partially covered in iridescent
                  | scales. (AC +2) [potion of mutation]
 44928 | Zot:2    | Gained mutation: Armour fits poorly on your strangely
                  | shaped body. [potion of mutation]
 44928 | Zot:2    | Gained mutation: Your movements are slightly less
                  | encumbered by armour. (ER -2) [potion of mutation]
 45006 | Depths:4 | Lost mutation: Armour fits poorly on your strangely shaped
                  | body. [potion of mutation]
 45006 | Depths:4 | Lost mutation: You have supernaturally acute eyesight.
                  | (SInv) [potion of mutation]
 45006 | Depths:4 | Gained mutation: You expend magic power (3 MP) to
                  | strengthen your wands. [potion of mutation]
 45006 | Depths:4 | Gained mutation: You possess an exceptional clarity of
                  | mind. [potion of mutation]
 45006 | Depths:4 | Gained mutation: You are strong-willed. (Will+) [potion of
                  | mutation]
 45037 | Depths:3 | Noticed Tageokhlo the pandemonium lord
 45063 | Depths:1 | Noticed Weithita the pandemonium lord
 45081 | D:15     | Noticed DevouringOne's illusion
 45096 | D:15     | Killed Mara
 45269 | D:12     | Noticed Ecuotuom the pandemonium lord
 45491 | D:1      | Noticed Beis the pandemonium lord
 45504 | D:$      | Escaped with the Orb!

Illustrated notes

Levels and vault maps discovered:
D:1:      minmay_arrival_jagged, layout_basic, minmay_stone_trees_medium,
          minmay_quantized
D:2:      layout_basic, shapermc_ecumenical_altar_venn, uniq_terence,
          uniq_natasha
D:3:      layout_basic, chequers_serial_rivers_large_a, corner_web_ring
D:4:      layout_loops_ring, amcnicky_altar_gilded, serial_shops,
          nicolae_stop_n_shop_1, minmay_close_crescents
D:5:      layout_gridville, mainiacjoe_overflow_boulevard, grunt_decor_cap,
          minmay_manual_macuahuitl, uniq_menkaure
D:6:      layout_basic, temple_fountains, serial_shops, nicolae_shop_drivethru,
          guppyfry_shop_venom, uniq_sigmund, uniq_blork_the_orc
D:7:      layout_loops_ring, lemuel_round_altar, kennysheep_little_box,
          mainiacjoe_overflow_tiny_flanked
D:8:      layout_basic, mainiacjoe_overflow_24_doors, uniq_maurice
D:9:      layout_stronghold, mainiacjoe_overflow_chevrons,
          nicolae_qazlal_scattered_showers, overflow_temple_1_default,
          david_orc_3, serial_shops, shop, minmay_starry_boxes
D:10:     minmay_the_grid_octo_2x2 [minmay_the_grid_octo_empty,
          minmay_the_grid_octo_thin_diamonds, minmay_the_grid_octo_clover,
          minmay_the_grid_octo_prize_single_spiral], layout_gridville,
          kennysheep_ying_yang, overflow_temple_1_default, marbit_many_paths,
          bh_circular_ruins, uniq_snorg
D:11:     layout_rooms, lair_entry_dummy
D:12:     layout_basic, special_room [special_room_orc]
D:13:     layout_basic, skrybe_vaults_entry_preservation
D:14:     layout_long_grid, serial_shops, statue_bzr,
          minmay_staircase_windowed_large, gammafunk_ghost_split,
          serial_library_hellmonk_room_a, nicolae_straight_to_the_point
D:15:     hellmonk_depths_entry_around_the_bend, layout_basic,
          minmay_misc_feat_enclosed, grunt_ministairs_12
Lair:1:   layout_long_grid, lemuel_fruit_fields
Lair:2:   layout_chaotic_city, minmay_swamp_entry_wisps,
          guppyfry_snake_entry_garden, st_stairs_7, serial_bayou_shore_b,
          uniq_amaemon, uniq_nergalle
Lair:3:   layout_gridlike, minmay_holes, uniq_fannar
Lair:4:   nzn_motion_control, layout_cave_shapes
Lair:5:   cheibrodos_lair_end_hotspot, layout_regular_city,
          nicolae_slime_entry_field_trip
Swamp:1:  layout_basic_swamp, evilmike_swamp_ruin_rubble_2, swamp_pool_1_2,
          nicolae_swamp_feature_on_the_river_bank, uniq_roxanne
Swamp:2:  layout_falls_marsh, portal_ice_cave_entry_pillars_1,
          nicolae_swamp_oxbows
Swamp:3:  layout_basic_swamp, serial_swamp_ruin, evilmike_swamp_ruin_house_5,
          evilmike_swamp_ruin_house_1
Swamp:4:  swamp, layout_basic_swamp, nicolae_swamp_drake_lake
Snake:1:  layout_layer_cave, serial_shops, shop, uniq_nikola
Snake:2:  layout_basic, gammafunk_ghost_split, serial_shops, shop,
          nicolae_zig_zag_zippers, grunt_megastairs_2
Snake:3:  layout_cave_pods, gammafunk_ghost_split, guppyfry_library_mini,
          uniq_donald
Snake:4:  snake_pit, layout_cave_town, basic_altar
Orc:1:    layout_caves, uniq_jorgrun
Orc:2:    grunt_orc_community_town_hall, layout_caves,
          grunt_orc_community_big_house_2, grunt_orc_community_big_house_1,
          grunt_orc_community_house_3, grunt_orc_community_house_1,
          grunt_orc_community_house_2, grunt_orc_community_house_3
Elf:1:    layout_loops_cross, minivault_28
Elf:2:    nicolae_elf_blades_splatter_lattice
          [nicolae_blade_entry_diamond_columns], layout_geoelf_diagonals,
          uniq_norris
Elf:3:    minmay_elf_hall_statues, layout_loops_ring, serial_shops, shop,
          hangedman_glass_teeth
Vaults:1: hangedman_vaults_stream, nicolae_vaults_tetromino_L_2,
          v_alt_pattern_2, v_misc_1, nicolae_vaults_library_corner,
          nicolae_vaults_twisting_passages, hangedman_vaults_trim,
          vaults_room_grunt_arrival_ludios, v_misc_8,
          nicolae_vaults_tetromino_Z_1, layout_vaults_maze_bifur, enter_trove_3,
          serial_shops, nicolae_shop_behind_doors
Vaults:2: nicolae_vaults_trapezoid_1, vaults_room_fours,
          nicolae_vaults_stairing_the_circle, nicolae_vaults_little_squares_6,
          vaults_standard_mumra_enter_the_diamond,
          minmay_crypt_entry_necro_gods, nicolae_vaults_little_squares_1,
          nicolae_vaults_storing_the_good_stuff, nicolae_vaults_tetromino_T_2,
          nicolae_vaults_variable_pillar_hall, nicolae_vaults_house_2,
          nicolae_vaults_more_shelving_1, v_misc_19, nicolae_vaults_house_1,
          grunt_vaults_focal, layout_vaults_omnigrid
Vaults:3: nicolae_vaults_diamond_1, nicolae_vaults_steering_wheel,
          nicolae_vaults_ninety_degrees, vaults_dpeg_diagonal,
          hangedman_vaults_unwind, nicolae_vaults_shipping_containers_5,
          nicolae_vaults_double_plus_2, nicolae_vaults_doubleplus_tesselated,
          vaults_room_fours, nicolae_vaults_circle_grid_b,
          nicolae_vaults_trapezoid_lopsided_1, grunt_vaults_funnel,
          nicolae_vaults_diamond_2, vaults_room_semicircle,
          nicolae_vaults_diamond_1, layout_vaults_big_cross, uniq_bai_suzhen,
          uniq_boris
Vaults:4: v_pattern_3, nicolae_vaults_prndl, vaults_dpeg_doors,
          nicolae_vaults_security_offices_4, hangedman_vaults_cutoff,
          nicolae_vaults_sightless_eye, ontoclasm_vaults_ring_square,
          nicolae_vaults_little_ls, hangedman_vaults_nails,
          nicolae_vaults_tetromino_Z_1, v_misc_10, nicolae_vaults_circle_grid_b,
          hangedman_vaults_capsules, layout_vaults_omnibox
Vaults:5: uniq_margery
Depths:1: layout_roguey, ziggurat_fallback, gammafunk_ghost_icy, hell_entry,
          grunt_gozag_breadcrumbs, led_sif_pool, grunt_megastairs_5,
          minmay_shop_star, uniq_mara
Depths:2: gammafunk_sealed_arena, layout_twisted_cross,
          pf_vacation_house_of_asmodeus, minivault_14, rand_demon_pan_entry_1,
          kennysheep_random_hallway, uniq_grunn, uniq_sojobo
Depths:3: grunt_bent_corner, layout_cave_shapes, hell_entry,
          hangedman_abyss_entry_splay, argonaut_fire_from_heaven,
          hangedman_decor_cross_pass, uniq_enchantress
Depths:4: evilmike_zot_entry_round, layout_cave_pools, hell_entry, pan_entry,
          nicolae_titane, serial_sigils, serial_sigils_hangedman_stare,
          serial_sigils_hangedman_snap, serial_sigils_hangedman_quiver,
          serial_sigils_hangedman_gnaw, abyss_entry_flame_altar,
          nicolae_uskayaw_en_pointe
Zot:1:    layout_gridville, regret_index_zotdec_iron_s, skrybe_zot_glass_3
Zot:2:    hellmonk_paralyzer, layout_twisted_circle,
          regret_index_zotdec_under_construction
Zot:3:    hellmonk_crystal_mountain, layout_onion, hangedman_zot_decor_slant
Zot:4:    layout_twisted_circle
Zot:5:    layout_gridlike, st_stairs_7, nicolae_diode_stairs

Skill      XL: |  1  2  3  4  5  6  7  8  9 10 11 12 13 14 15 16 17 18 19 20 21 22 23 24 |
---------------+-------------------------------------------------------------------------+-----
Polearms       | 3 4 5 6 8 9 12 14 17 18 20 22 24 26 | 26.4
Fighting       | 4 5 6 7 9 10 13 15 17 18 20 21 23 24 | 24.9
Dodging        | 8 12 15 18 20 21 | 21.0
Shapeshifting  | 12 16 18 21 23 25 | 25.0
Shields        | 8 10 12 15 | 15.0
Armour         | |  2.1

Action                     |  1- 3 |  4- 6 |  7- 9 | 10-12 | 13-15 | 16-18 | 19-21 | 22-24 || total
---------------------------+-------+-------+-------+-------+-------+-------+-------+-------++-------
  Melee: Trident           |    81 |   169 |   369 |    89 |     6 |       |       |       ||   714
         Spear             |       |       |       |    99 |       |       |       |       ||    99
         Halberd           |       |       |       |   119 |       |       |       |       ||   119
         Bardiche          |       |       |       |   214 |  1077 |   388 |       |       ||  1679
         Demon trident     |       |       |       |       |       |   891 |  1348 |  1291 ||  3530
         Tailslap          |       |       |       |       |       |    24 |       |     1 ||    25
  Throw: Dart              |     3 |     9 |     2 |     7 |    13 |       |       |       ||    34
         Throwing net      |       |       |       |     1 |     1 |       |       |       ||     2
 Invoke: Call Merchant     |       |       |       |       |     5 |       |     2 |       ||     7
         Potion Petition   |       |       |       |       |       |     2 |     1 |     4 ||     7
         Bribe Branch      |       |       |       |       |       |       |     1 |     1 ||     2
  Evoke: Wand              |       |       |    24 |    23 |     8 |     3 |     2 |    10 ||    70
    Use: Potion            |       |     4 |     1 |       |     2 |    16 |     7 |     6 ||    36
         Scroll            |       |    11 |     1 |    13 |    17 |    18 |    12 |    16 ||    88
   Stab: Distracted        |       |       |     3 |     4 |     7 |     7 |    20 |    14 ||    55
         Held in net/web   |       |       |       |     1 |       |       |       |       ||     1
         Sleeping          |       |       |       |     1 |       |     1 |     4 |       ||     6
         Petrified         |       |       |       |       |     3 |       |       |       ||     3
         Petrifying        |       |       |       |       |     1 |       |       |       ||     1
         Invisible         |       |       |       |       |       |     7 |       |     2 ||     9
 Armour: Scale mail        |    50 |   102 |   119 |   167 |   459 |   186 |       |       ||  1083
         Skin              |       |    24 |       |       |       |   430 |   626 |   790 ||  1870
         Chain mail        |       |       |       |       |       |    56 |       |       ||    56
  Dodge: Dodged            |    29 |    64 |   119 |   307 |  1003 |  1224 |   749 |   786 ||  4281
  Block: Buckler           |    16 |    37 |    57 |    26 |       |       |       |       ||   136
         Kite shield       |       |       |       |       |       |   646 |  1262 |  1492 ||  3400
         Reflection        |       |       |       |       |       |    25 |    78 |    28 ||   131
   Form: Statue            |       |       |       |       |       |     1 |       |       ||     1

Table legend: (Time is in decaauts)
 A = Elapsed time spent in this place.
 B = Non-inter-level travel time spent in this place.
 C = Inter-level travel time spent in this place.
 D = Time resting spent in this place.
 E = Time spent auto-exploring this place.
 F = Levels seen in this place.
 G = Mean time per level.
                   A        B        C        D        E       F      G
               +--------+--------+--------+--------+--------+-----+--------+
         Total |  51225 |  46412 |   4813 |   2270 |  32589 |  51 | 1004.4 |
       Dungeon |  17969 |  16158 |   1811 |   1372 |  12047 |  15 | 1197.9 |
          Lair |   5303 |   4770 |    533 |    231 |   3449 |   5 | 1060.6 |
         Swamp |   3244 |   3067 |    177 |      0 |   2355 |   4 |  811.0 |
     Snake Pit |   5778 |   5358 |    420 |    306 |   3857 |   4 | 1444.5 |
  Orcish Mines |   1822 |   1642 |    180 |     29 |   1059 |   2 |  911.0 |
   Elven Halls |   2496 |   2157 |    339 |     15 |   1497 |   3 |  832.0 |
        Vaults |   9017 |   8573 |    444 |     94 |   6440 |   5 | 1803.4 |
        Depths |   1320 |   1091 |    229 |      0 |    516 |   4 |  330.0 |
           Zot |   2337 |   1661 |    676 |    210 |    386 |   5 |  467.4 |
         Abyss |    750 |    750 |      0 |     10 |    291 |   2 |  375.0 |
        Bazaar |    100 |    100 |      0 |      0 |     56 |   1 |  100.0 |
      Ice Cave |   1084 |   1084 |      0 |      0 |    632 |   1 | 1084.0 |
               +--------+--------+--------+--------+--------+-----+--------+

Top non-repeatable levels by time:
Vaults:5: 2426 daAuts
    D:10: 2264 daAuts
Vaults:2: 2058 daAuts
 Snake:1: 1718 daAuts
Vaults:1: 1606 daAuts
Vaults:3: 1548 daAuts
   Elf:3: 1512 daAuts
 Snake:3: 1474 daAuts
   Zot:5: 1429 daAuts
    D:13: 1387 daAuts
Vaults:4: 1377 daAuts
     D:5: 1351 daAuts
 Snake:4: 1349 daAuts
    D:12: 1304 daAuts
    D:15: 1286 daAuts
